General information
			
			
        
        - name: BNet
 
        - type: Ladder team game (AT/RT)
 
        - host: Battle.net
 
        - saver: GHOOF
 
        
map: Monsoon 
        - players: 6
 
        - length: 11:17
 
        - speed: Fast
 - version: 1.22 W3XP
 - replay type:  Public
 
» download(61 KB)
Players
        team 1 (loser) 
              
              
Boxing_Champ (
red | 37 APM | 422 actions | 11:15)
              
 3 Death Knight 
 2 Death Coil
 1 Unholy Aura
 1 Lich 
 1 Frost Nova
 
                » actions 
                
                | Build / train | 34 |  | 
| Enter build submenu | 13 |  | 
| Enter hero's abilities submenu | 4 |  | 
| Right click | 231 |  | 
| Select / deselect | 113 |  | 
| Use ability | 27 |  | 
                422 total
 » units 
                
                | Acolyte | 2 |  | 
| Ghoul | 5 |  | 
| Crypt Fiend | 8 |  | 
| Obsidian Statue | 1 |  | 
| Frost Wyrm | 1 |  | 
                17 total
 » buildings
                
                | Graveyard | 1 |  | 
| Crypt | 1 |  | 
| Ziggurat | 5 |  | 
| Altar of Darkness | 1 |  | 
| Tomb of Relics | 1 |  | 
| Halls of the Dead | 3 |  | 
| Spirit Tower | 1 |  | 
| Sacrificial Pit | 2 |  | 
| Black Citadel | 2 |  | 
| Slaughterhouse | 1 |  | 
| Boneyard | 1 |  | 
                19 total
 » build order
                00:16 Graveyard
00:23 Crypt
00:42 Ziggurat
01:01 Altar of Darkness
02:07 Ziggurat
02:15 Tomb of Relics
03:36 Halls of the Dead
03:36 Halls of the Dead
04:49 Spirit Tower
04:57 Ziggurat
06:10 Sacrificial Pit
06:49 Black Citadel
06:53 Ziggurat
08:46 Slaughterhouse
08:52 Ziggurat
09:01 Sacrificial Pit
09:58 Boneyard
» items
                
                | Rod of Necromancy | 2 |  | 
| Orb of Corruption | 1 |  | 
| Potion of Healing | 1 |  | 
                4 total
  
               
              
              
» 
DueLy (
yellow | 16 APM | 180 actions | 11:10)
              
 1 Keeper of the Grove 
 1 Entangling Roots
 
                » actions 
                
                | Basic commands | 10 |  | 
| Build / train | 14 |  | 
| ESC pressed | 1 |  | 
| Enter build submenu | 8 |  | 
| Enter hero's abilities submenu | 1 |  | 
| Right click | 57 |  | 
| Select / deselect | 69 |  | 
| Use ability | 20 |  | 
                180 total
 » units 
                » buildings
                
                | Altar of Elders | 1 |  | 
| Moon Well | 2 |  | 
| Ancient of War | 2 |  | 
| Hunter's Hall | 1 |  | 
| Ancient Protector | 1 |  | 
                7 total
 » build order
                00:09 Altar of Elders
00:25 Moon Well
01:31 Ancient of War
02:08 Moon Well
02:15 Hunter's Hall
02:59 Ancient of War
03:34 Ancient Protector
 
               
              
              
tdabot1 (
orange | 79 APM | 888 actions | 11:11)
              
 2 Mountain King 
 1 Storm Bolt
 1 Bash
 1 Blood Mage 
 1 Siphon Mana
 
                » actions 
                
                | Assign group hotkey | 6 |  | 
| Basic commands | 53 |  | 
| Build / train | 38 |  | 
| ESC pressed | 3 |  | 
| Enter build submenu | 16 |  | 
| Enter hero's abilities submenu | 3 |  | 
| Remove unit from queue | 1 |  | 
| Right click | 419 |  | 
| Select / deselect | 284 |  | 
| Select group hotkey | 25 |  | 
| Use ability | 40 |  | 
                888 total
 » units 
                
                | Peasant | 7 |  | 
| Footman | 9 |  | 
| Dragonhawk Rider | 3 |  | 
| Gryphon Rider | 3 |  | 
                22 total
 » upgrades
                
                | Swords | 1 |  | 
| Storm Hammers | 1 |  | 
| Animal War Training | 1 |  | 
                3 total
 » buildings
                
                | Altar of Kings | 1 |  | 
| Barracks | 1 |  | 
| Farm | 8 |  | 
| Keep | 1 |  | 
| Blacksmith | 1 |  | 
| Lumber Mill | 1 |  | 
| Arcane Vault | 1 |  | 
| Castle | 1 |  | 
| Gryphon Aviary | 2 |  | 
                17 total
 » build order
                00:08 Altar of Kings
00:20 Barracks
00:34 Farm
00:50 Farm
01:47 Farm
03:03 Keep
03:46 Blacksmith
03:49 Lumber Mill
03:52 Arcane Vault
04:27 Farm
05:03 Farm
05:33 Castle
05:39 Gryphon Aviary
05:45 Gryphon Aviary
09:49 Farm
09:51 Farm
10:26 Farm
» items
                
                | Scroll of Regeneration | 1 |  | 
| Potion of Healing | 2 |  | 
| Lesser Clarity Potion | 1 |  | 
                4 total
  
               team 2 (winner) 
              
              
GHOOF (
blue | 51 APM | 579 actions | 11:17)
              
 1 Goblin Tinker 
 1 Cluster Rockets
 
                » actions 
                
                | Assign group hotkey | 5 |  | 
| Basic commands | 37 |  | 
| Build / train | 24 |  | 
| ESC pressed | 1 |  | 
| Enter build submenu | 16 |  | 
| Enter hero's abilities submenu | 1 |  | 
| Give item / drop item | 2 |  | 
| Right click | 263 |  | 
| Select / deselect | 141 |  | 
| Select group hotkey | 64 |  | 
| Use ability | 25 |  | 
                579 total
 » units 
                
                | Acolyte | 9 |  | 
| Ghoul | 3 |  | 
| Crypt Fiend | 3 |  | 
                15 total
 » upgrades
                » buildings
                
                | Graveyard | 1 |  | 
| Necropolis | 1 |  | 
| Altar of Darkness | 1 |  | 
| Ziggurat | 7 |  | 
| Crypt | 2 |  | 
| Spirit Tower | 4 |  | 
| Halls of the Dead | 1 |  | 
| Tomb of Relics | 1 |  | 
| Slaughterhouse | 1 |  | 
| Black Citadel | 1 |  | 
                20 total
 » build order
                01:14 Graveyard
01:19 Necropolis
01:28 Altar of Darkness
01:33 Ziggurat
03:21 Ziggurat
04:33 Crypt
04:43 Ziggurat
04:45 Ziggurat
05:23 Crypt
05:54 Spirit Tower
08:28 Halls of the Dead
08:41 Ziggurat
09:26 Ziggurat
09:31 Ziggurat
09:53 Tomb of Relics
10:07 Spirit Tower
10:19 Spirit Tower
10:25 Spirit Tower
11:00 Slaughterhouse
11:01 Black Citadel
 
               
              
              
LOLLER_COASTER (
purple | 59 APM | 667 actions | 11:16)
              
 3 Archmage 
 2 Summon Water Elemental
 1 Brilliance Aura
 
                » actions 
                
                | Build / train | 24 |  | 
| Enter build submenu | 4 |  | 
| Enter hero's abilities submenu | 4 |  | 
| Right click | 486 |  | 
| Select / deselect | 112 |  | 
| Use ability | 37 |  | 
                667 total
 » units 
                » buildings
                
                | Altar of Kings | 1 |  | 
| Farm | 2 |  | 
| Barracks | 1 |  | 
                4 total
 » build order
                00:07 Altar of Kings
00:11 Farm
00:23 Barracks
01:31 Farm
» items
                 
               
              
              
oF_DOOM (
pink | 41 APM | 463 actions | 11:16)
              
 3 Beastmaster 
 1 Summon Bear
 2 Summon Hawk
 1 Pandaren Brewmaster 
 1 Drunken Haze
 
                » actions 
                
                | Assign group hotkey | 25 |  | 
| Basic commands | 13 |  | 
| Build / train | 33 |  | 
| Enter build submenu | 14 |  | 
| Enter hero's abilities submenu | 4 |  | 
| Right click | 179 |  | 
| Select / deselect | 149 |  | 
| Select group hotkey | 15 |  | 
| Use ability | 31 |  | 
                463 total
 » units 
                » upgrades
                » buildings
                
                | Crypt | 3 |  | 
| Ziggurat | 7 |  | 
| Altar of Darkness | 1 |  | 
| Graveyard | 1 |  | 
| Halls of the Dead | 1 |  | 
| Black Citadel | 5 |  | 
| Tomb of Relics | 1 |  | 
| Sacrificial Pit | 1 |  | 
                20 total
 » build order
                00:13 Crypt
00:16 Crypt
00:38 Ziggurat
00:59 Altar of Darkness
02:30 Ziggurat
03:35 Ziggurat
04:22 Ziggurat
04:47 Graveyard
04:49 Halls of the Dead
07:36 Black Citadel
07:36 Black Citadel
07:37 Black Citadel
08:10 Tomb of Relics
09:10 Ziggurat
09:12 Ziggurat
09:13 Ziggurat
09:48 Crypt
10:20 Sacrificial Pit
» items
                
                | Scroll of Town Portal | 2 |  | 
| Potion of Healing | 1 |  | 
| Rod of Necromancy | 1 |  | 
| Potion of Mana | 1 |  | 
                5 total
  
                Chat log
          (00:03 / Allies) oF_DOOM: OG
(00:08 / Allies) oF_DOOM: YOU GO
(00:10 / Allies) GHOOF: OK
(00:19 / Allies) LOLLER_COASTER: WHAT DO I DO?
(00:23 / Allies) oF_DOOM: LOOK AT THIS MANNER CRYPT
(00:24 / Allies) GHOOF: Mass peasants
(00:26 / Allies) LOLLER_COASTER: FOOTZ?
(00:27 / Allies) oF_DOOM: 100 GOLD
(00:29 / Allies) GHOOF: and foots
(00:32 / Allies) oF_DOOM: NM
(00:51 / Allies) GHOOF: they will NEVER KNOW WHAT HIT THEM
(00:57 / All) GHOOF: THIS WILL BE LIKE NOTHING YOU'VE EVER SEEN BEFORE
(01:04 / Allies) GHOOF: ELF
(01:33 / All) tdabot1: truly never seen b4
(01:45 / Allies) oF_DOOM: AOW IMO
(01:48 / Allies) GHOOF: I KNOW 
(01:50 / Allies) GHOOF: GOING
(01:59 / Allies) GHOOF: SEND THE ACO
(02:03 / Allies) oF_DOOM: GOING
(02:07 / Allies) GHOOF: IT IS A SUCCESS
(02:21 / Allies) GHOOF: OMFG HURRY
(02:26 / Allies) GHOOF: HURRY NECRO
(02:43 / All) GHOOF: OH NO
(02:54 / Allies) GHOOF: GUYS YOU NEED TO TP
(02:57 / Allies) GHOOF: GET BACK TO YOUR FUCKING BASE
(03:04 / Allies) GHOOF: SHOOT I GOT ROCKETS
(03:43 / Allies) GHOOF: HURRY
(03:44 / Allies) GHOOF: NOT MUCH TIME LEFT
(03:59 / Allies) GHOOF: COME JUIGGS
(04:02 / Allies) GHOOF: NOW
(04:08 / All) GHOOF: YES
(04:11 / All) GHOOF: THIS IS BEAUTIFUL
(04:24 / Allies) GHOOF: LUMBER ME
(04:30 / Allies) GHOOF: HAHAHAH
(04:46 / Allies) GHOOF: MORE LUMBER
(04:50 / Allies) GHOOF: I AM EXPOING
(04:55 / Allies) GHOOF: 100 MORE
(04:58 / Allies) GHOOF: TY
(05:10 / Allies) GHOOF: PEASANTS BUILD
(05:16 / Allies) oF_DOOM: SEND THEM BACK
(05:20 / Allies) GHOOF: YES SEND THEM BACK WE HAVE THSI
(05:32 / Allies) GHOOF: OH NO
(05:35 / Allies) GHOOF: I WILL GIVE TP TO YOU
(05:37 / Allies) GHOOF: FOR GHOUL TP
(05:38 / Allies) oF_DOOM: K
(05:44 / Allies) GHOOF: LUIMBER ME
(05:50 / Allies) GHOOF: FOR TOWER
(05:55 / Allies) GHOOF: PASSED
(05:57 / Allies) GHOOF: GOGOGOGO
(06:18 / Allies) GHOOF: GO FOR WYRM
(06:20 / Allies) oF_DOOM: K
(06:26 / Allies) oF_DOOM: HAWK OF GG
(06:51 / All) DueLy: i was the only one u could have done that to a good amount of luck u guys have
(06:56 / All) GHOOF: YEAH I'M LUCKY AS HELL
(07:03 / All) GHOOF: BUT IT'S BRILLIANT DO YOU AGREE?
(07:13 / All) GHOOF: PLEASE AGREE
(07:16 / Allies) GHOOF: I WILL FEED FOR WYRM
(07:23 / Allies) oF_DOOM: K I WILL NEED LUMBAR
(07:23 / All) DueLy: no lucky that my team is to slow to tp over 
(07:25 / Allies) GHOOF: TECH TECH TECH
(07:30 / Allies) oF_DOOM: LUMBAR
(07:36 / Allies) GHOOF: WELL I THOUGHT IT WAS BRILLIANT
(07:40 / Allies) oF_DOOM: ME TOO
(07:42 / Allies) oF_DOOM: EVEN THE
(07:47 / Allies) oF_DOOM: GOOZ SAVING THE OTHER GUY'
(07:50 / All) GHOOF: WELL I THOUGHT IT WAS BRILLIANT
(08:08 / Allies) LOLLER_COASTER: DANG I HAS NOTHING
(08:10 / Allies) GHOOF: WHAT DO YOU NEED GUYS I AM THE PRO FEEDER
(08:17 / Allies) GHOOF: ON MY WAY
(08:19 / Allies) GHOOF: SHOOT NO AA
(08:21 / Allies) GHOOF: GET GARGLE
(08:31 / Allies) LOLLER_COASTER: MK IS WEAK
(08:36 / Allies) GHOOF: I WILL TRY
(08:42 / Allies) LOLLER_COASTER: NO TP
(08:53 / Allies) oF_DOOM: I WILL TP WHEN SHOP IS UP
(08:54 / Allies) GHOOF: I ONLY HAVE A TINKER
(08:56 / Allies) GHOOF: THOUGH
(09:08 / Allies) GHOOF: OH NO
(09:10 / Allies) GHOOF: THERE HE GOES
(09:27 / Allies) GHOOF: FUCK GRYPH
(09:28 / Allies) GHOOF: MASS GARG
(09:32 / Allies) oF_DOOM: K
(09:34 / Allies) oF_DOOM: GOLD
(09:35 / Allies) GHOOF: ANOTHER CRYPT
(09:44 / Allies) GHOOF: I WILL HARDCORE FEED
(10:29 / Allies) GHOOF: OH NO YOU FORGOT PIT?
(10:38 / Allies) GHOOF: I HAS WEB SOON
(10:39 / Allies) oF_DOOM: YEAH
(10:57 / Allies) GHOOF: WEB IS HERE BUT SWITCHING TO ABOM
(11:07 / All) DueLy: well gg
(11:10 / All) GHOOF: IT WAS FUN
(11:13 / All) oF_DOOM: GG